Map: 오딧세이 - 래더

Players

Billowy

  • Race: Protoss Protoss
  • League: Grandmaster
  • Spawn Location: 5:00

Classic - Winner!

  • Race: Protoss Protoss
  • League: Master
  • Spawn Location: 11:00

VOD

Have the link to the VOD?

Description

Time

  • Played on: Dec. 22, 2017, 4:31 a.m.
  • Length: 10:06
Show
View Real Time Build Order
Export as new Build Order

Billowy Protoss 

Build Orders: Zealot Archon 

Get SALT Encoding   

  12  0:00  Probe  
  13  0:13  Probe  
  14  0:16  Pylon  
  14  0:25  Probe (Chrono Boost)  
  15  0:37  Probe (Chrono Boost)  
  15  0:40  Gateway  
  16  0:45  Probe (Chrono Boost)  
  17  0:50  Assimilator  
  17  0:51  Probe (Chrono Boost)  
  17  0:54  Assimilator  
  18  1:03  Probe (Chrono Boost)  
  19  1:07  Gateway  
  19  1:11  Probe (Chrono Boost)  
  20  1:17  Probe  
  21  1:27  Cybernetics Core  
  21  1:30  Probe  
  22  1:33  Pylon  
  22  1:42  Probe  
  23  1:54  Probe  
  24  2:03  Adept x2, Warp Gate (Chrono Boost)  
  24  2:06  Probe  
  29  2:13  Pylon  
  29  2:18  Probe  
  30  2:31  Stalker x2  
  34  2:52  Nexus  
  34  3:01  Shield Battery  
  34  3:02  Sentry  
  37  3:15  Robotics Facility  
  36  3:24  Stalker (Chrono Boost)  
  38  3:28  Shield Battery  
  38  3:35  Pylon  
  38  3:36  Probe  
  39  3:53  Probe  
  40  4:03  Stalker x2  
  40  4:06  Immortal (Chrono Boost)  
  42  4:26  Stalker x2  
  42  4:30  Probe x2  
  46  4:45  Pylon, Probe x2  
  46  4:53  Warp Prism (Chrono Boost)  
  46  4:57  Probe x2  
  46  4:59  Sentry  
  52  5:01  Sentry  
  54  5:09  Probe x2  
  56  5:19  Shield Battery  
  57  5:21  Probe x2  
  58  5:32  Stalker x2  
  58  5:34  Pylon  
  62  5:40  Twilight Council  
  62  5:42  Forge  
  62  5:44  Assimilator  
  62  5:46  Assimilator  
  62  5:52  Observer, Shield Battery  
  50  6:04  Probe x2 (Chrono Boost)  
  50  6:08  Charge  
  50  6:09  Stalker  
  50  6:10  Stalker  
  56  6:13  Protoss Ground Weapons Level 1 (Chrono Boost)  
  56  6:16  Probe (Chrono Boost)  
  56  6:17  Probe (Chrono Boost)  
  58  6:23  Probe x2 (Chrono Boost)  
  60  6:29  Immortal  
  60  6:30  Probe  
  60  6:31  Probe  
  66  6:36  Pylon  
  66  6:43  Probe x2  
  66  6:44  Templar Archives  
  68  6:57  Gateway  
  68  6:58  Gateway  
  68  6:59  Gateway  
  68  7:04  Gateway  
  68  7:08  Immortal (Chrono Boost), Shield Battery  
  72  7:20  Gateway, High Templar x2  
  76  7:24  Archon  
  76  7:28  Pylon  
  76  7:33  Gateway  
  76  7:42  Pylon  
  75  7:57  Nexus  
  74  8:02  High Templar x2  
  74  8:03  Zealot x4  
  86  8:07  Archon  
  86  8:09  Pylon  
  86  8:10  Pylon  
  86  8:11  Pylon  
  86  8:26  Warp Prism (Chrono Boost)  
  86  8:27  High Templar x2  
  86  8:28  Zealot  
  86  8:29  Zealot  
  86  8:31  Archon  
  96  8:34  Zealot x2  
  100  8:46  Zealot x2  
  104  8:48  Pylon  
  104  8:53  Zealot x2  
  108  9:10  High Templar x2  
  108  9:11  Zealot x3  
  108  9:14  Archon  
  118  9:24  High Templar x2  
  118  9:25  Zealot  
  118  9:27  Pylon  
  118  9:28  Archon  
  124  9:32  Zealot  
  124  9:33  Zealot x2  
  124  9:36  Pylon  
  130  9:50  Zealot x2  
  130  9:51  Zealot  
  112  9:54  Zealot x3  
  112  9:58  Zealot  
  112  9:59  Zealot  
Show
View Real Time Build Order
Export as new Build Order

Classic Protoss - Winner!

Build Orders: Archon Immortal, Zealot Archon 

Get SALT Encoding   

  12  0:00  Probe  
  13  0:12  Probe  
  14  0:17  Pylon  
  14  0:24  Probe (Chrono Boost)  
  15  0:36  Probe (Chrono Boost)  
  15  0:37  Gateway  
  16  0:44  Probe (Chrono Boost)  
  16  0:46  Assimilator  
  17  0:50  Probe (Chrono Boost)  
  17  0:55  Assimilator  
  18  1:03  Probe (Chrono Boost)  
  19  1:10  Probe (Chrono Boost)  
  20  1:14  Gateway  
  20  1:17  Probe  
  20  1:24  Cybernetics Core  
  21  1:29  Probe  
  22  1:35  Pylon  
  22  1:41  Probe  
  23  1:53  Probe  
  24  1:54  Warp Gate (Chrono Boost)  
  24  2:00  Stalker  
  24  2:01  Stalker  
  28  2:13  Pylon  
  28  2:30  Stalker  
  28  2:31  Stalker  
  32  2:49  Nexus  
  32  3:03  Shield Battery  
  32  3:07  Stalker  
  32  3:11  Stalker  
  36  3:17  Pylon  
  36  3:25  Shield Battery  
  36  3:27  Probe  
  37  3:43  Robotics Facility  
  37  3:47  Shield Battery  
  38  3:50  Stalker  
  38  3:54  Stalker  
  41  4:19  Adept x2  
  41  4:23  Probe x2  
  41  4:32  Observer  
  41  4:35  Probe x2  
  44  4:47  Probe x2  
  44  4:52  Stalker x2  
  50  4:59  Probe x2 (Chrono Boost)  
  52  5:06  Immortal  
  56  5:10  Probe x2 (Chrono Boost)  
  56  5:11  Pylon  
  58  5:15  Probe x2 (Chrono Boost)  
  60  5:25  Twilight Council  
  60  5:26  Probe x2  
  62  5:38  Forge  
  62  5:42  Immortal (Chrono Boost)  
  62  5:45  Assimilator  
  62  5:47  Assimilator  
  66  5:53  Probe x2  
  60  6:06  Protoss Ground Weapons Level 1 (Chrono Boost), Probe x2  
  60  6:07  Charge  
  60  6:08  Gateway  
  60  6:11  Gateway  
  62  6:14  Observer  
  63  6:20  Pylon, Probe x2  
  65  6:29  Gateway  
  65  6:31  Gateway  
  65  6:37  Immortal  
  69  6:45  Templar Archives  
  69  6:55  Nexus  
  69  6:59  Pylon  
  69  7:09  Adept  
  69  7:10  Adept  
  69  7:12  Pylon  
  73  7:21  Gateway  
  73  7:22  Gateway  
  73  7:28  Immortal  
  77  7:30  Protoss Ground Weapons Level 2 (Chrono Boost)  
  77  7:47  High Templar  
  77  7:48  Zealot x2, High Templar x3  
  89  7:53  Pylon  
  89  7:54  Observer  
  89  7:55  Pylon  
  89  7:56  Archon  
  89  7:57  Archon  
  87  8:03  Probe  
  86  8:07  Warp Prism, Probe  
  86  8:09  Probe  
  90  8:15  Probe  
  90  8:17  High Templar x2  
  90  8:19  Probe  
  96  8:21  Probe  
  96  8:22  Archon  
  96  8:26  Sentry  
  99  8:28  Probe  
  99  8:30  Pylon  
  99  8:31  Probe  
  99  8:32  Zealot x2  
  99  8:33  Probe  
  106  8:35  Zealot  
  106  8:41  Zealot x2  
  110  8:47  Pylon x2  
  112  8:52  Observer  
  113  8:55  High Templar  
  113  8:57  Zealot x2, High Templar  
  113  8:58  Zealot  
  123  9:02  Zealot  
  123  9:06  Archon  
  123  9:08  Zealot x2  
  128  9:12  Pylon  
  128  9:21  Zealot x2  
  128  9:22  Zealot  
  134  9:25  High Templar  
  134  9:29  Zealot, High Templar  
  140  9:33  Archon  
  140  9:34  Pylon, Zealot x2  
  140  9:35  Pylon  
  144  9:39  Pylon  
  144  9:40  Pylon  
  144  9:47  Zealot x2  
  144  9:50  Zealot x2  
  136  9:55  Zealot x2  
  114  10:01  Zealot x2  
Tags
 
Add a new tag
Caveats
  • Supply blocks, unpowered buildings, or Contaminate may cause inaccurate times.
  • Supply counts are checked every 10 seconds.